[Event "Thursday 12 April, Rapid Engine Tour, 12+2, rd 6+7 Chess960, 16.00 ST"]
[Site "Infinity Chess"]
[Date "2018.4.12"]
[Round "7"]
[White "CrapCleaner"]
[Black "Marsell"]
[Result "1-0"]
[ECO "B12"]
[WhiteElo "2465"]
[BlackElo "2462"]
[WhiteEngine "BrainFish_180411_x64_bmi2_CTG"]
[BlackEngine "BrainFish_180408_x64_bmi2"]
[EventType "Swiss"]
[WhiteTeam ""]
[BlackTeam ""]
[PlyCount "155"]
[TimeControl "720+2"]

1. e4 c6 2. d4 f6 3. c3 Bf7 4. f3 O-O 5. Ne3 e5 6. dxe5 fxe5 7. Nf5 Bg6 
8. Bc2 Ne6 9. g4 d5 10. Nd3 a5 11. Bf2 a4 12. O-O Ng5 13. Bh4 h6 14. Bxg5 hxg5 
15. Qd2 Qd8 16. Kh1 Bf7 17. Rad1 d4 18. b3 b6 19. bxa4 c5 20. Nf2 Bxa2 
21. cxd4 exd4 22. Nh3 Nd6 23. Bd3 Bc4 24. Bxc4+ Nxc4 25. Qc2 Ne5 26. f4 gxf4 
27. Nxf4 Qe8 28. Nd5 Ra7 29. g5 Ng6 30. Rf3 Qe5 31. Rdf1 Re8 32. Ng3 Kh7 
33. Nh5 d3 34. Qg2 Nh4 35. Qh3 Qxh2+ 36. Qxh2 Bxh2 37. Rh3 Kg6 38. Rxh4 Bd6 
39. Kg2 Rxa4 40. Kf3 d2 41. Nhf4+ Bxf4 42. Nxf4+ Kxg5 43. Rh5+ Kf6 44. Rf5+ Ke7 
45. Rd1 Ra3+ 46. Ke2 Ra4 47. Ke3 Ra3+ 48. Kxd2 Kd7 49. Ke2+ Kc8 50. e5 c4 
51. Rc1 Rh8 52. Rxc4+ Kb8 53. Kf2 Ra2+ 54. Kf3 Ra5 55. Rc6 g5 56. Rxg5 Rb5 
57. Rd6 Rf8 58. Ke3 Ra5 59. Rxb6+ Ka7 60. Ne6 Rc8 61. Rd6 Ka8 62. Rd8 Rxd8 
63. Nxd8 Ra3+ 64. Ke4 Ra1 65. e6 Kb8 66. e7 Re1+ 67. Kd5 Kc7 68. Re5 Rxe5+ 
69. Kxe5 Kd7 70. Kf6 Ke8 71. Ne6 Kd7 72. Kf7 Kc6 73. e8=Q+ Kd6 74. Qd8+ Kc6 
75. Qa5 Kb7 76. Qb5+ Kc8 77. Qb6 Kd7 78. Qc7# 1-0

[Event "Thursday 12 April, Rapid Engine Tour, 12+2, rd 6+7 Chess960, 16.00 ST"]
[Site "Infinity Chess"]
[Date "2018.4.12"]
[Round "7"]
[White "MCDermont"]
[Black "Eman"]
[Result "1/2-1/2"]
[ECO "C20"]
[WhiteElo "2489"]
[BlackElo "2466"]
[WhiteEngine "BrainFish 090218"]
[BlackEngine "Eman 1.70-beta20 64-bit BMI2"]
[EventType "Swiss"]
[WhiteTeam ""]
[BlackTeam ""]
[PlyCount "79"]
[TimeControl "720+2"]

1. e4 e5 2. f3 f6 3. c3 c6 4. d4 Ne7 5. dxe5 fxe5 6. Bc2 Ne6 7. Nd3 Nf4 
8. Qd2 Be6 9. Ne3 Nxd3 10. Qxd3 O-O 11. h4 h5 12. O-O-O b5 13. Qe2 a5 14. g4 b4 
15. Nf5 Bxa2 16. Ba4 Be6 17. Qd2 Rf6 18. Bc5 Ng6 19. gxh5 bxc3 20. bxc3 Nf4 
21. h6 Bxf5 22. exf5 d5 23. hxg7 Ba7 24. Bxa7 Qe7 25. Qe3 Qa3+ 26. Kd2 Qxa4 
27. Qxe5 Qa2+ 28. Ke3 Ng2+ 29. Kd3 Qc4+ 30. Kc2 Qa4+ 31. Kc1 Rf7 32. Rhe1 Qa3+ 
33. Kc2 Qa2+ 34. Kd3 a4 35. Bd4 Re7 36. Qxe7 Nf4+ 37. Ke3 Ng2+ 38. Kd3 Nf4+ 
39. Ke3 Ng2+ 40. Kd3 1/2-1/2

[Event "Thursday 12 April, Rapid Engine Tour, 12+2, rd 6+7 Chess960, 16.00 ST"]
[Site "Infinity Chess"]
[Date "2018.4.12"]
[Round "7"]
[White "OlivierEvan"]
[Black "hafaba"]
[Result "1/2-1/2"]
[ECO "A00"]
[WhiteElo "2397"]
[BlackElo "2468"]
[WhiteEngine "Houdini 6"]
[BlackEngine "Eman 1.70-beta18x 64-bit POPCNT_CTG"]
[EventType "Swiss"]
[WhiteTeam ""]
[BlackTeam ""]
[PlyCount "94"]
[TimeControl "720+2"]

1. f3 d5 2. d4 f6 3. Nd3 Nd6 4. Nc3 e5 5. e4 dxe4 6. Nxe4 Bc4 7. dxe5 Qxe5 
8. Qe2 Qe6 9. Nxd6 cxd6 10. c3 d5 11. Qd2 a5 12. Bf2 O-O 13. Bc2 Bc7 14. b3 Ba6 
15. Rd1 Qc6 16. O-O Ne6 17. Rfe1 Rad8 18. Bg3 Bb6+ 19. Kh1 Rfe8 20. Bb1 Bc7 
21. Nf2 Bxg3 22. hxg3 b5 23. Kh2 Bc8 24. b4 a4 25. a3 Nc7 26. Rxe8+ Rxe8 
27. Ba2 Be6 28. Nd3 Bf7 29. Nf4 g5 30. Bxd5 Nxd5 31. Nxd5 Qxd5 32. Qxd5 Bxd5 
33. Rxd5 Rc8 34. Rd3 h5 35. Kg1 Kf7 36. Kf2 h4 37. f4 hxg3+ 38. Kxg3 gxf4+ 
39. Kxf4 Ke6 40. g3 Rg8 41. g4 Rc8 42. Re3+ Kd5 43. Kf5 Rc6 44. Rf3 Rc8 
45. Re3 Rc6 46. Rg3 Kc4 47. Re3 Kd5 1/2-1/2

[Event "Thursday 12 April, Rapid Engine Tour, 12+2, rd 6+7 Chess960, 16.00 ST"]
[Site "Infinity Chess"]
[Date "2018.4.12"]
[Round "7"]
[White "Vimtiroba"]
[Black "Thor"]
[Result "1/2-1/2"]
[ECO "C20"]
[WhiteElo "2406"]
[BlackElo "2490"]
[WhiteEngine "SF9 ''A5''_CTG"]
[BlackEngine "asmFishW_2018-04-08_bmi2"]
[EventType "Swiss"]
[WhiteTeam ""]
[BlackTeam ""]
[PlyCount "75"]
[TimeControl "720+2"]

1. e4 e5 2. f3 f6 3. d4 exd4 4. Bxd4 c6 5. Bc5+ Ne7 6. c3 Bf7 7. Bc2 O-O 
8. Ne3 d6 9. Ba3 b5 10. Ne2 a5 11. Qd2 Ba7 12. Bxd6 Qd7 13. Rd1 Bxa2 14. Qc1 Re8 
15. Bg3 Qb7 16. Nd4 c5 17. Ndf5 Nxf5 18. Nxf5 Nf7 19. O-O Rad8 20. Kh1 Rxd1 
21. Rxd1 Bb8 22. Bxb8 Rxb8 23. Qe3 g6 24. Nh6+ Nxh6 25. Qxh6 Qc7 26. h4 Rd8 
27. Rxd8+ Qxd8 28. h5 Bf7 29. e5 f5 30. hxg6 hxg6 31. e6 Be8 32. c4 bxc4 
33. Ba4 Bxa4 34. Qxg6+ Kh8 35. Qh6+ Kg8 36. Qg6+ Kh8 37. Qh6+ Kg8 38. Qg6+ 
1/2-1/2

[Event "Thursday 12 April, Rapid Engine Tour, 12+2, rd 6+7 Chess960, 16.00 ST"]
[Site "Infinity Chess"]
[Date "2018.4.12"]
[Round "6"]
[White "angriff"]
[Black "star99"]
[Result "1/2-1/2"]
[ECO "E17"]
[WhiteElo "2366"]
[BlackElo "2418"]
[WhiteEngine "DracoREX 3.07 64BIT POPCNT_CTG"]
[BlackEngine "Cryptic Heroes 9.4B"]
[EventType "Swiss"]
[WhiteTeam ""]
[BlackTeam ""]
[PlyCount "113"]
[TimeControl "720+2"]

1. d4 Nf6 2. c4 e6 3. Nf3 b6 4. g3 Bb7 5. Bg2 Be7 6. O-O O-O 7. Nc3 Ne4 
8. Qd3 Nxc3 9. Qxc3 c5 10. Rd1 Na6 11. b3 Bf6 12. Bb2 d5 13. Qc2 Rc8 
14. dxc5 Nxc5 15. Rac1 Qe7 16. cxd5 Na4 17. Bxf6 Qxf6 18. Qd2 Nc3 19. Re1 Bxd5 
20. Nd4 Bxg2 21. Kxg2 Rfd8 22. Rxc3 Rxc3 23. Qxc3 Qxd4 24. Qxd4 Rxd4 25. Rc1 g5 
26. Rc2 Rd7 27. Kf3 Kg7 28. Ke3 Kf6 29. h3 h5 30. h4 gxh4 31. gxh4 Kf5 
32. f3 Kg6 33. Rc6 Kf5 34. f4 Kf6 35. Rc1 Kf5 36. Rc8 Kg4 37. Rc1 Kf5 
38. Kf3 Rd2 39. Rc7 Rxa2 40. Rxf7+ Kg6 41. Rb7 Kf6 42. e3 Ra5 43. Rh7 Kg6 
44. Rb7 Ra3 45. b4 Ra4 46. b5 Ra5 47. e4 Rxb5 48. Rxa7 Rb3+ 49. Ke2 Rh3 
50. Re7 Kf6 51. Rh7 Rxh4 52. Rh6+ Kg7 53. Rxe6 Rxf4 54. Rxb6 h4 55. Ke3 Rf1 
56. Rb7+ Kg6 57. Rb2 1/2-1/2

[Event "Thursday 12 April, Rapid Engine Tour, 12+2, rd 6+7 Chess960, 16.00 ST"]
[Site "Infinity Chess"]
[Date "2018.4.12"]
[Round "6"]
[White "Dovahkiin"]
[Black "ocirema"]
[Result "1/2-1/2"]
[ECO "C55"]
[WhiteElo "2423"]
[BlackElo "2441"]
[WhiteEngine "Raubfisch ME262_GTZ16f_CTG"]
[BlackEngine "asmFishW_2018-04-11_popcnt"]
[EventType "Swiss"]
[WhiteTeam ""]
[BlackTeam ""]
[PlyCount "116"]
[TimeControl "720+2"]

1. e4 e5 2. Nf3 Nc6 3. Bc4 Nf6 4. d3 Bc5 5. O-O d6 6. c3 a5 7. Bg5 h6 8. Bh4 O-O 
9. Bb3 g5 10. Bg3 g4 11. Nh4 Nh5 12. a4 Qg5 13. Na3 Kh8 14. Kh1 Bd7 15. Nc4 Kg7 
16. Qe2 Be6 17. Rae1 Rae8 18. Qd1 b6 19. Ne3 Bxe3 20. fxe3 Nxg3+ 21. hxg3 h5 
22. Kg1 Ne7 23. d4 Kh7 24. Re2 Kg8 25. Bc2 Ng6 26. Qe1 f6 27. Bd3 Re7 
28. b4 Nxh4 29. gxh4 Qg6 30. g3 d5 31. Qb1 dxe4 32. Bxe4 f5 33. d5 Bc8 
34. Ref2 Ref7 35. Bc2 Qd6 36. Bxf5 Rxf5 37. Rxf5 Bxf5 38. Rxf5 Rxf5 
39. Qxf5 Qxd5 40. bxa5 bxa5 41. Qg5+ Kf8 42. c4 Qxc4 43. Qf5+ Ke7 44. Qxe5+ Kd7 
45. Qxa5 Kc8 46. Qf5+ Kb7 47. Kf2 Qxa4 48. Ke2 Qa6+ 49. Ke1 Qa1+ 50. Kf2 Qa2+ 
51. Ke1 Qb3 52. Ke2 Qc3 53. Qd5+ c6 54. Qxh5 Qc2+ 55. Ke1 Qc1+ 56. Ke2 Qc2+ 
57. Ke1 Qc3+ 58. Ke2 Qc2+ 1/2-1/2

[Event "Thursday 12 April, Rapid Engine Tour, 12+2, rd 6+7 Chess960, 16.00 ST"]
[Site "Infinity Chess"]
[Date "2018.4.12"]
[Round "6"]
[White "CrapCleaner"]
[Black "Murx"]
[Result "1/2-1/2 "]
[ECO "B12"]
[WhiteElo "2465"]
[BlackElo "2453"]
[WhiteEngine "BrainFish_180411_x64_bmi2_CTG"]
[BlackEngine "asmFishW_2018-04-07_popcnt"]
[EventType "Swiss"]
[WhiteTeam ""]
[BlackTeam ""]
[PlyCount "138"]
[TimeControl "720+2"]

1. e4 c6 2. d4 d5 3. e5 Bf5 4. Nf3 e6 5. Be2 Nd7 6. O-O Ne7 7. c3 h6 8. Nbd2 Qc7 
9. Re1 Bg6 10. b3 a5 11. a4 Nc8 12. Nf1 Be7 13. Bd3 Bxd3 14. Qxd3 c5 15. Bf4 Na7 
16. Ng3 Nc6 17. Nh5 O-O-O 18. Be3 g6 19. Ng3 g5 20. Rec1 g4 21. Ne1 h5 
22. Ne2 h4 23. f4 gxf3 24. Nxf3 h3 25. g3 Rdg8 26. Rf1 Kb8 27. Kh1 Ka8 
28. Nf4 cxd4 29. cxd4 Ndb8 30. Rac1 Qd8 31. Ng1 Rg7 32. Bd2 Ba3 33. Rcd1 Na6 
34. Rf2 Rgh7 35. Nge2 Be7 36. Be3 Qb6 37. Rdf1 Nab4 38. Qd2 Na6 39. Qd3 Nab4 
40. Qd2 Na6 41. Qc3 Kb8 42. Rf3 Rg7 43. Qc2 Nab4 44. Qb1 Na7 45. Nc3 Qc7 
46. Nfe2 Bd8 47. Qd1 Qd7 48. R3f2 Qe8 49. Nf4 Qc6 50. Bd2 Qb6 51. Bc1 Qc6 
52. Na2 Nxa2 53. Rxa2 Qd7 54. Ba3 Nc6 55. Rc2 Bb6 56. Bd6+ Ka7 57. Rc1 Rgg8 
58. Nd3 Rc8 59. Nc5 Bxc5 60. Bxc5+ b6 61. Ba3 Nb4 62. Rxc8 Qxc8 63. Rf3 Qc7 
64. g4 Kb7 65. Qc1 Qe7 66. g5 Rh7 67. Bxb4 Qxb4 68. Qe3 Kb8 69. Kg1 Qe7 1/2-1/2

[Event "Thursday 12 April, Rapid Engine Tour, 12+2, rd 6+7 Chess960, 16.00 ST"]
[Site "Infinity Chess"]
[Date "2018.4.12"]
[Round "6"]
[White "Time_bandit"]
[Black "Eman"]
[Result "1/2-1/2"]
[ECO "B90"]
[WhiteElo "2457"]
[BlackElo "2466"]
[WhiteEngine "asmFishW_2018-02-02_popcnt"]
[BlackEngine "Eman 1.70-beta20 64-bit BMI2"]
[EventType "Swiss"]
[WhiteTeam ""]
[BlackTeam ""]
[PlyCount "138"]
[TimeControl "720+2"]

1. e4 c5 2. Nf3 d6 3. d4 cxd4 4. Nxd4 Nf6 5. Nc3 a6 6. Be3 e5 7. Nb3 Be6 
8. f3 Be7 9. Qd2 Nbd7 10. g4 O-O 11. O-O-O b5 12. g5 Nh5 13. Nd5 Bxd5 
14. exd5 f6 15. gxf6 Bxf6 16. Na5 Qe8 17. Bh3 Nf4 18. Bxf4 exf4 19. Rhe1 Ne5 
20. Re4 Kh8 21. Qe2 Qh5 22. Be6 g6 23. h3 Qg5 24. a3 Ra7 25. Kb1 Re7 26. c3 Kg7 
27. Rh1 Qg3 28. Rf1 Rc7 29. Ka2 Kh8 30. Nc6 Nc4 31. Rh1 Bh4 32. Nb4 Bf6 
33. Rc1 h5 34. Nxa6 Ra7 35. Nb4 Rfa8 36. Kb1 Kg7 37. Rxc4 bxc4 38. Qxc4 Qxf3 
39. Rf1 Qg2 40. Qxf4 Rf8 41. Ka2 Raa8 42. Rf2 Qg1 43. Qd2 Qg3 44. Rg2 Qh4 
45. Kb3 Qe4 46. Qc2 Qxc2+ 47. Nxc2 Kh6 48. a4 Be5 49. Nb4 Rf4 50. Rg1 g5 
51. Ra1 Bf6 52. a5 g4 53. hxg4 hxg4 54. Rg1 Rxa5 55. Bxg4 Rb5 56. Rh1+ Kg6 
57. Be2 Rb8 58. Bd3+ Kg5 59. Ka3 Rh8 60. Rg1+ Rg4 61. Rf1 Rgh4 62. Rf5+ Kg6 
63. Kb3 Kf7 64. Nc6 Rh2 65. Rf3 R2h3 66. Nd8+ Ke7 67. Nc6+ Kf7 68. Nd8+ Ke7 
69. Nc6+ Kf7 1/2-1/2

[Event "Thursday 12 April, Rapid Engine Tour, 12+2, rd 6+7 Chess960, 16.00 ST"]
[Site "Infinity Chess"]
[Date "2018.4.12"]
[Round "6"]
[White "hafaba"]
[Black "RonWeasley"]
[Result "1/2-1/2"]
[ECO "C11"]
[WhiteElo "2467"]
[BlackElo "2481"]
[WhiteEngine "Eman 1.70-beta18x 64-bit POPCNT_CTG"]
[BlackEngine "BrainFish 090218_CTG"]
[EventType "Swiss"]
[WhiteTeam ""]
[BlackTeam ""]
[PlyCount "143"]
[TimeControl "720+2"]

1. e4 e6 2. d4 d5 3. Nc3 Nf6 4. e5 Nfd7 5. f4 c5 6. Nf3 Nc6 7. Be3 cxd4 
8. Nxd4 Qb6 9. Qd2 Qxb2 10. Rb1 Qa3 11. Bb5 Nxd4 12. Bxd4 a6 13. Bxd7+ Bxd7 
14. Rb3 Qe7 15. Rxb7 Rc8 16. O-O Qd8 17. Qf2 Rxc3 18. Bxc3 Qc8 19. Rb3 Ba4 
20. Bd4 Bxb3 21. axb3 Be7 22. c3 O-O 23. b4 Qc6 24. Ra1 Bd8 25. g3 Bc7 
26. Kg2 Ra8 27. Qf1 h6 28. Ra2 Qb7 29. Qd3 Bb6 30. Bxb6 Qxb6 31. Ra5 Qb7 
32. Kf2 g6 33. Ke3 Kg7 34. Qd4 Rc8 35. Rc5 h5 36. h3 Rxc5 37. Qxc5 Qd7 
38. Kd2 Qa4 39. f5 gxf5 40. Qe3 d4 41. Qg5+ Kf8 42. Qd8+ Kg7 43. Qxd4 Qa1 
44. Qe3 Qa2+ 45. Ke1 Qb1+ 46. Kd2 Qa2+ 47. Kc1 Kg6 48. h4 Qa3+ 49. Kd2 Qa2+ 
50. Kc1 Qa1+ 51. Kd2 Kh7 52. Ke2 Qb2+ 53. Kd3 Qg2 54. c4 Qb2 55. Qe1 Kg7 
56. c5 a5 57. Kc4 axb4 58. Qe3 Kf8 59. Kb5 Qc3 60. Qh6+ Ke7 61. Qf6+ Kf8 
62. Qd8+ Kg7 63. Qg5+ Kf8 64. Qd8+ Kg7 65. g4 b3 66. Qf6+ Kg8 67. Qg5+ Kh7 
68. Qxh5+ Kg8 69. Qg5+ Kh7 70. Qh5+ Kg8 71. Qg5+ Kh7 72. Qh5+ 1/2-1/2

[Event "Thursday 12 April, Rapid Engine Tour, 12+2, rd 6+7 Chess960, 16.00 ST"]
[Site "Infinity Chess"]
[Date "2018.4.12"]
[Round "6"]
[White "Thor"]
[Black "OlivierEvan"]
[Result "1/2-1/2 "]
[ECO "B28"]
[WhiteElo "2494"]
[BlackElo "2393"]
[WhiteEngine "asmFishW_2018-04-08_bmi2"]
[BlackEngine "Houdini 6"]
[EventType "Swiss"]
[WhiteTeam ""]
[BlackTeam ""]
[PlyCount "139"]
[TimeControl "720+2"]

1. e4 c5 2. Nf3 a6 3. Nc3 e6 4. d4 cxd4 5. Nxd4 Qc7 6. Bd3 Nf6 7. O-O Be7 
8. Kh1 d6 9. f4 Nbd7 10. Qe2 b6 11. Bd2 Bb7 12. Rae1 Nc5 13. e5 dxe5 
14. fxe5 Nfd7 15. Bf4 Nxd3 16. cxd3 Nf8 17. Ne4 Ng6 18. Nd6+ Bxd6 19. exd6 Nxf4 
20. dxc7 Nxe2 21. Rxe2 g6 22. Ref2 Bd5 23. Rxf7 e5 24. Rg7 exd4 25. Re1+ Kf8 
26. Rd7 Bc6 27. Rd6 Bb5 28. Rxd4 Kg7 29. a4 Bc6 30. Kg1 Rac8 31. Rc1 Be8 
32. Rd6 Rf8 33. Rxb6 Bxa4 34. Rxa6 Bb5 35. Rd6 Rf7 36. Rd5 Ba6 37. Rdc5 Bb7 
38. b4 Rd7 39. R5c3 Kf6 40. b5 Rd6 41. Re1 Rd5 42. Rb1 Re5 43. Rc2 Ke7 
44. d4 Rd5 45. Rb4 Kd7 46. b6 Rf8 47. Re2 Rd6 48. Reb2 Kc8 49. h3 Rf4 
50. Re2 Re4 51. Rf2 Re8 52. d5 Rg8 53. Rf7 Rxd5 54. Rb2 h5 55. Rf6 g5 
56. Rbf2 Re5 57. Rf7 Bd5 58. Rf8+ Re8 59. Rxe8+ Rxe8 60. Rf6 h4 61. Rg6 Rg8 
62. Rf6 Bb7 63. Rd6 Be4 64. Kh2 Bf5 65. g3 Bd7 66. gxh4 gxh4 67. Rd4 Bc6 
68. Rg4 Rh8 69. b7+ Kxc7 70. b8=R 1/2-1/2

[Event "Thursday 12 April, Rapid Engine Tour, 12+2, rd 6+7 Chess960, 16.00 ST"]
[Site "Infinity Chess"]
[Date "2018.4.12"]
[Round "5"]
[White "Deep_Impact"]
[Black "angriff"]
[Result "1/2-1/2"]
[ECO "E10"]
[WhiteElo "2402"]
[BlackElo "2364"]
[WhiteEngine "asmFishW_2018-04-07_bmi2"]
[BlackEngine "DracoREX 3.07 64BIT POPCNT_CTG"]
[EventType "Swiss"]
[WhiteTeam ""]
[BlackTeam ""]
[PlyCount "87"]
[TimeControl "720+2"]

1. d4 Nf6 2. c4 e6 3. Nf3 d5 4. Nc3 c6 5. Bg5 h6 6. Bxf6 Qxf6 7. e3 Nd7 
8. Be2 g6 9. O-O Bg7 10. e4 dxe4 11. Nxe4 Qf4 12. Qc2 f5 13. Ned2 c5 14. g3 Qd6 
15. Nh4 Kf7 16. d5 e5 17. Rae1 h5 18. Bd3 Nf6 19. b4 b6 20. bxc5 bxc5 21. f3 Re8 
22. Kh1 Bd7 23. Re2 Rab8 24. Nb3 Bh6 25. Qc3 Rb4 26. Rfe1 Ra4 27. Bb1 Ra3 
28. Rxe5 Bd2 29. Qxd2 Rxe5 30. Rc1 Re8 31. Qg5 Nh7 32. Qd2 Nf6 33. Qh6 Rg8 
34. Re1 Qb8 35. Qc1 Qb4 36. f4 Re8 37. Rxe8 Bxe8 38. Nf3 Kg8 39. Qe3 Qxc4 
40. Qe6+ Kg7 41. Qe7+ Kg8 42. Qe6+ Kg7 43. Qe7+ Kg8 44. Qe6+ 1/2-1/2

[Event "Thursday 12 April, Rapid Engine Tour, 12+2, rd 6+7 Chess960, 16.00 ST"]
[Site "Infinity Chess"]
[Date "2018.4.12"]
[Round "5"]
[White "KQRBNP"]
[Black "CrapCleaner"]
[Result "0-1"]
[ECO "D30"]
[WhiteElo "2408"]
[BlackElo "2451"]
[WhiteEngine "Eman 1.70-beta20 64-bit POPCNT"]
[BlackEngine "BrainFish_180411_x64_bmi2_CTG"]
[EventType "Swiss"]
[WhiteTeam ""]
[BlackTeam ""]
[PlyCount "70"]
[TimeControl "720+2"]

1. d4 d5 2. c4 e6 3. Nf3 Nf6 4. Nc3 c6 5. e3 Nbd7 6. Qc2 Bd6 7. Bd3 O-O 
8. O-O dxc4 9. Bxc4 a6 10. Rd1 b5 11. Bd3 Bb7 12. Ng5 h6 13. Nge4 Bc7 14. a3 a5 
15. b3 Qe7 16. Bb2 Rfc8 17. Rac1 Nd5 18. Ne2 b4 19. a4 Rd8 20. N2g3 Rac8 
21. Qe2 Bb6 22. Nh5 f5 23. Nd2 c5 24. dxc5 Nxc5 25. Bc4 Qg5 26. Bxd5 Bxd5 
27. Nf4 Nd3 28. Qxd3 Bxg2 29. Nxg2 Rxd3 30. Rxc8+ Kh7 31. Kf1 Qh5 32. Ke1 Qg4 
33. Rb8 Bc5 34. Rc8 Bd6 35. Nf4 Bxf4 0-1

[Event "Thursday 12 April, Rapid Engine Tour, 12+2, rd 6+7 Chess960, 16.00 ST"]
[Site "Infinity Chess"]
[Date "2018.4.12"]
[Round "5"]
[White "OlivierEvan"]
[Black "ivrdurant"]
[Result "1-0"]
[ECO "D30"]
[WhiteElo "2375"]
[BlackElo "2420"]
[WhiteEngine "Houdini 6"]
[BlackEngine "Raubfisch ME262_GTZ16d4"]
[EventType "Swiss"]
[WhiteTeam ""]
[BlackTeam ""]
[PlyCount "160"]
[TimeControl "720+2"]

1. d4 d5 2. c4 e6 3. Nf3 Nf6 4. Nc3 c6 5. Bg5 h6 6. Bxf6 Qxf6 7. e3 Nd7 
8. Bd3 dxc4 9. Bxc4 g6 10. O-O Bg7 11. Re1 O-O 12. e4 e5 13. d5 Rd8 14. Qc2 Nb6 
15. Bb3 Bg4 16. Re3 cxd5 17. exd5 a5 18. a4 Bf5 19. Qe2 Nd7 20. Rd1 Rac8 
21. Bc4 Qd6 22. Ba2 Qa6 23. Qd2 Qd6 24. h3 Nc5 25. Nb5 Qf6 26. g4 Ne4 
27. Qe2 Ng5 28. gxf5 Nxh3+ 29. Kf1 Nf4 30. Qe1 e4 31. Rxe4 Qxf5 32. Ng1 Qg4 
33. Rxf4 Qxf4 34. Bb3 Be5 35. Qd2 Qh4 36. Qe3 Bxb2 37. d6 Rd7 38. Qg3 Qxg3 
39. fxg3 Bf6 40. Nf3 Rc6 41. Nd2 Rcxd6 42. Nxd6 Rxd6 43. Nc4 Rxd1+ 44. Bxd1 Bd8 
45. g4 b6 46. Bb3 Bc7 47. Ne3 Bd8 48. Nd5 h5 49. gxh5 gxh5 50. Kg2 Kg7 
51. Kf3 h4 52. Bc2 Kf8 53. Bd3 Kg7 54. Kg4 Kf8 55. Ne3 h3 56. Kxh3 Ke7 
57. Kg4 Ke6 58. Nf5 Bc7 59. Kg5 f6+ 60. Kg6 b5 61. Bxb5 Bb6 62. Bc4+ Ke5 
63. Nh6 f5 64. Nxf5 Bg1 65. Ne7 Kd6 66. Kf7 Bf2 67. Nf5+ Ke5 68. Bd3 Ba7 
69. Ke7 Bb8 70. Kd7 Kd5 71. Ne7+ Kc5 72. Nc6 Bg3 73. Bb5 Be1 74. Kc7 Bd2 
75. Kb7 Kd5 76. Ka6 Be1 77. Nxa5 Kd6 78. Kb6 Bf2+ 79. Kb7 Kc5 80. Nc6 Be1 1-0

[Event "Thursday 12 April, Rapid Engine Tour, 12+2, rd 6+7 Chess960, 16.00 ST"]
[Site "Infinity Chess"]
[Date "2018.4.12"]
[Round "5"]
[White "Vimtiroba"]
[Black "star99"]
[Result "1/2-1/2"]
[ECO "B23"]
[WhiteElo "2389"]
[BlackElo "2419"]
[WhiteEngine "SF9 ''A5''_CTG"]
[BlackEngine "Cryptic Heroes 9.4B"]
[EventType "Swiss"]
[WhiteTeam ""]
[BlackTeam ""]
[PlyCount "74"]
[TimeControl "720+2"]

1. e4 c5 2. Nc3 d6 3. Nf3 a6 4. g3 e5 5. d3 g6 6. h4 Bg4 7. Be2 Nc6 8. Nd5 Bg7 
9. Nd2 Be6 10. h5 g5 11. Nc4 b5 12. Nce3 h6 13. f4 exf4 14. gxf4 gxf4 
15. Nxf4 Be5 16. Nxe6 fxe6 17. c3 Nf6 18. Kd2 Qc7 19. Kc2 O-O-O 20. Kb1 Kb8 
21. Rf1 d5 22. exd5 Nxd5 23. a3 Nf4 24. Ng4 Nxd3 25. Bxd3 c4 26. Bxh6 cxd3 
27. Bg5 Rd5 28. Bd2 Bd6 29. Nf6 Rf5 30. Rxf5 exf5 31. Qf3 Rd8 32. Qxf5 Nd4 
33. cxd4 Qc2+ 34. Ka2 Qc4+ 35. Kb1 Qc2+ 36. Ka2 Qc4+ 37. Kb1 Qc2+ 1/2-1/2

[Event "Thursday 12 April, Rapid Engine Tour, 12+2, rd 6+7 Chess960, 16.00 ST"]
[Site "Infinity Chess"]
[Date "2018.4.12"]
[Round "5"]
[White "Murx"]
[Black "Dovahkiin"]
[Result "1/2-1/2"]
[ECO "A13"]
[WhiteElo "2454"]
[BlackElo "2422"]
[WhiteEngine "asmFishW_2018-04-07_popcnt"]
[BlackEngine "Raubfisch ME262_GTZ16f_CTG"]
[EventType "Swiss"]
[WhiteTeam ""]
[BlackTeam ""]
[PlyCount "102"]
[TimeControl "720+2"]

1. c4 e6 2. d4 d5 3. Nc3 c6 4. e4 dxe4 5. Nxe4 Bb4+ 6. Bd2 Qxd4 7. Bxb4 Qxe4+ 
8. Be2 Na6 9. Ba5 b6 10. Qd6 Bd7 11. Bc3 f6 12. Nf3 Nh6 13. Rd1 Rd8 14. Qa3 Bc8 
15. Nd2 Qf4 16. Bh5+ Nf7 17. O-O c5 18. Qa4+ Ke7 19. Rfe1 Rhe8 20. Qc2 Bb7 
21. Qxh7 Rh8 22. Qg6 Rxh5 23. Qxh5 Rh8 24. Qg6 Qxh2+ 25. Kf1 Qh1+ 26. Ke2 Qxg2 
27. Qxg2 Bxg2 28. Rg1 Rh2 29. Nf1 Bxf1+ 30. Rdxf1 g5 31. Rh1 Rxh1 32. Rxh1 Nb4 
33. Bxb4 cxb4 34. b3 f5 35. Kd3 g4 36. Ke2 e5 37. Rd1 Nd6 38. Rh1 Nf7 
39. Rc1 Ng5 40. c5 Ne4 41. cxb6 axb6 42. Rc6 b5 43. Ke3 Nc3 44. Kd2 Ne4+ 
45. Ke2 Nd6 46. Rc5 Kf6 47. Kf1 f4 48. Rd5 Ke6 49. Rc5 Kf6 50. Rd5 Ke6 
51. Rc5 Kf6 1/2-1/2

[Event "Thursday 12 April, Rapid Engine Tour, 12+2, rd 6+7 Chess960, 16.00 ST"]
[Site "Infinity Chess"]
[Date "2018.4.12"]
[Round "5"]
[White "ocirema"]
[Black "Marsell"]
[Result "1/2-1/2"]
[ECO "C55"]
[WhiteElo "2440"]
[BlackElo "2462"]
[WhiteEngine "asmFishW_2018-04-11_popcnt"]
[BlackEngine "BrainFish_180408_x64_bmi2"]
[EventType "Swiss"]
[WhiteTeam ""]
[BlackTeam ""]
[PlyCount "120"]
[TimeControl "720+2"]

1. e4 e5 2. Nf3 Nc6 3. Bc4 Nf6 4. d3 Bc5 5. O-O d6 6. c3 O-O 7. Bg5 h6 8. Bh4 a6 
9. a4 g5 10. Bg3 Ba7 11. Nbd2 Nh7 12. h3 h5 13. Kh1 Kh8 14. b4 h4 15. Bh2 g4 
16. hxg4 Bxg4 17. b5 Na5 18. Ba2 Ng5 19. Qe1 h3 20. Nxg5 Qxg5 21. g3 Bh5 
22. f4 Qg4 23. fxe5 dxe5 24. Rf5 axb5 25. axb5 Kg7 26. d4 Rae8 27. Bg1 Bg6 
28. Rf3 h2 29. Bf2 f5 30. dxe5 Bxf2 31. Rxf2 fxe4 32. e6 Qg5 33. Nf1 Qxb5 
34. Rd1 Rxf2 35. Qxf2 Nc6 36. Rd5 Qb6 37. Rd7+ Ne7 38. Qe3 Qxe3 39. Nxe3 Kf6 
40. Kxh2 Nf5 41. Ng4+ Kg5 42. Ne5 e3 43. Rxc7 Bh5 44. Kg2 Ra8 45. Bb1 Ra5 
46. Nf3+ Kf6 47. Ne1 Nd6 48. Rh7 Bg4 49. e7 Rc5 50. e8=Q Nxe8 51. Rxb7 Rxc3 
52. Bd3 Be6 53. Rb4 Nc7 54. Kf3 Nd5 55. Rc4 Rxc4 56. Bxc4 e2 57. Bxd5 Bxd5+ 
58. Kxe2 Bb7 59. Nd3 Bg2 60. Ke3 Bd5 1/2-1/2

[Event "Thursday 12 April, Rapid Engine Tour, 12+2, rd 6+7 Chess960, 16.00 ST"]
[Site "Infinity Chess"]
[Date "2018.4.12"]
[Round "5"]
[White "MCDermont"]
[Black "Time_bandit"]
[Result "1/2-1/2"]
[ECO "C55"]
[WhiteElo "2491"]
[BlackElo "2456"]
[WhiteEngine "BrainFish 090218"]
[BlackEngine "asmFishW_2018-02-02_popcnt"]
[EventType "Swiss"]
[WhiteTeam ""]
[BlackTeam ""]
[PlyCount "129"]
[TimeControl "720+2"]

1. e4 e5 2. Nf3 Nc6 3. Bc4 Nf6 4. d3 Bc5 5. c3 d6 6. O-O a5 7. Nbd2 O-O 
8. Re1 h6 9. Nf1 a4 10. h3 Ra5 11. Ng3 Bb6 12. Rb1 Be6 13. Bxe6 fxe6 
14. Be3 Bxe3 15. Rxe3 Nh7 16. Qe2 Rf7 17. Rd1 Nf8 18. d4 Ng6 19. Qd2 Ra8 
20. Ne2 Nh4 21. Qd3 Rxf3 22. Rxf3 Nxf3+ 23. Qxf3 Qg5 24. Qd3 Qg6 25. Ng3 Ra6 
26. Qc2 Kh7 27. Rd2 Ra7 28. Qd1 Ra5 29. a3 Ra8 30. Qe2 exd4 31. cxd4 Na5 
32. Qb5 Qe8 33. Qd3 Nb3 34. Rc2 Rc8 35. f4 c6 36. Kh2 e5 37. fxe5 dxe5 
38. d5 Nd4 39. Rd2 Qe7 40. Ne2 c5 41. Nxd4 cxd4 42. Rf2 Rf8 43. Rxf8 Qxf8 
44. Qc4 Qf4+ 45. Kh1 Qf7 46. Kg1 Qg6 47. Qe2 Qg5 48. Kh2 Qc1 49. Qf3 Kg8 
50. Qe2 b6 51. h4 b5 52. h5 Kh7 53. g3 d3 54. Qxd3 Qxb2+ 55. Kh3 Qb3 
56. Qe2 Qxa3 57. Qxb5 Qa1 58. Kh2 Qd1 59. d6 a3 60. Qxe5 a2 61. Qf5+ Kh8 
62. Qf8+ Kh7 63. Qf5+ Kh8 64. Qc8+ Kh7 65. Qf5+ 1/2-1/2